 Dungeon Crawl Stone Soup version 0.31-a0-466-g98c9adc2b6 (webtiles) character file.

Game seed: 6712570274822537022

360 Anon1729 the Trooper (level 6, -5/55 HPs)
             Began as a Minotaur Monk on Aug 5, 2023.
             Slain by a gnoll
             ... wielding a +0 halberd
             ... led by a gnoll sergeant
              (6 damage)
             ... on level 4 of the Dungeon.
             The game lasted 00:01:22 (3202 turns).

Anon1729 the Trooper (Minotaur Monk)                Turns: 3202, Time: 00:01:22

Health: -5/55      AC:  3    Str: 15    XL:     6   Next: 38%
Magic:  15/15      EV: 14    Int:  7    God:
Gold:   221        SH:  5    Dex: 15    Spells: 3/5 levels left

rFire   . . .        h - +3 short sword "Killer Bee's Foe" {speed, rC++ MP+9}
rCold   + + .        d - orb {light}
rNeg    . . .        b - +0 robe
rPois   .            q - +1 hat
rElec   .            i - scarf {+Inv}
rCorr   .            (no gloves)
SInv    .            (no boots)
Will    .....        k - amulet of reflection
Stlth   +            (no ring)
HPRegen 0.29/turn    (no ring)
MPRegen 0.14/turn

%: reflection
@: glowing
A: horns 2, retaliatory headbutt
a: Evoke Invisibility


You were on level 4 of the Dungeon.
You visited 1 branch of the dungeon, and saw 4 of its levels.

You collected 221 gold pieces.

Inventory:

Hand Weapons
 a - a +0 short sword
 h - the +3 short sword "Killer Bee's Foe" (weapon) {speed, rC++ MP+9}
   (You found it on level 2 of the Dungeon)

   rC:        It greatly protects you from cold.
   MP:        It affects your magic capacity (+9).
Missiles
 r - 5 datura-tipped darts
Armour
 b - a +0 robe (worn)
 d - an orb of light (worn)
 i - a scarf of invisibility (worn)
 q - a +1 hat (worn)
Jewellery
 k - an amulet of reflection (around neck)
Wands
 s - a wand of quicksilver (7)
Scrolls
 e - 2 scrolls of enchant weapon {unknown}
 f - 4 scrolls of identify {unknown}
 g - 2 scrolls of blinking {unknown}
 m - 2 scrolls of immolation {unknown}
 n - 2 scrolls of noise {unknown}
 t - a scroll of amnesia {unknown}
 v - a scroll of brand weapon {unknown}
 w - a scroll of fear {unknown}
 x - a scroll of teleportation {unknown}
Potions
 c - a potion of ambrosia
 j - 3 potions of curing {unknown}
 l - a potion of berserk rage {unknown}
 o - a potion of resistance {unknown}
 p - a potion of might {unknown}
 u - 2 potions of attraction {unknown}


   Skills:
 + Level 4.9 Fighting
 + Level 4.6 Short Blades
 + Level 2.5 Armour
 + Level 4.4 Dodging
 + Level 1.2 Transmutations
 + Level 2.1 Invocations
 + Level 1.3 Evocations


You had 3 spell levels left.
You knew the following spells:

 Your Spells              Type           Power      Damage    Failure   Level
a - Wereblood             Tmut           1%         N/A       41%         2

Your spell library contained the following spells:

 Spells                   Type           Power      Damage    Failure   Level
 Passwall                 Tmut/Erth      0%         N/A       50%         2
 Ensorcelled Hibernation  Hex/Ice        0%         N/A       56%         2
 Sublimation of Blood     Necr           0%         N/A       56%         2
 Swiftness                Air            0%         N/A       80%         3
 Summon Hydra             Summ           0%         N/A       100%        7


Dungeon Overview and Level Annotations

Branches:
Dungeon (4/15)
 Temple: D:4-7

Altars:


Innate Abilities, Weirdness & Mutations

You have a pair of horns on your head.
You reflexively headbutt those who attack you in melee.


Message History

The gnoll barely misses you.
There is an open door here.
You hit the gnoll sergeant. You headbutt the gnoll sergeant.
The gnoll sergeant is moderately wounded.
The gnoll sergeant closely misses you. The gnoll barely misses you.
The gnoll hits you from afar with a +0 halberd.
The gnoll hits you with a +0 halberd! The gnoll hits you but does no damage.
You hit the gnoll sergeant but do no damage.
The gnoll sergeant is moderately wounded.
The gnoll sergeant blocks your attack.
The gnoll sergeant is moderately wounded.
The gnoll sergeant hits you with a +0 spear!
You block the gnoll's attack. The gnoll closely misses you.
The gnoll hits you with a +0 halberd!
The gnoll hits you from afar with a +0 spear.
* * * LOW HITPOINT WARNING * * *
You are too injured to fight recklessly!
You are too injured to fight recklessly!
You are too injured to fight recklessly!
You are too injured to fight recklessly!
You are too injured to fight recklessly!
You are too injured to fight recklessly!
You are too injured to fight recklessly!
You are too injured to fight recklessly!
You are too injured to fight recklessly!
You are too injured to fight recklessly!
You are too injured to fight recklessly!
You are too injured to fight recklessly!
You are too injured to fight recklessly!
You are too injured to fight recklessly!
You are too injured to fight recklessly!
You are too injured to fight recklessly!
You are too injured to fight recklessly!
The gnoll sergeant attacks as you move away!
The gnoll sergeant hits you with a +0 spear.
* * * LOW HITPOINT WARNING * * *
The gnoll sergeant hits you from afar with a +0 spear!
* * * LOW HITPOINT WARNING * * *
The gnoll hits you from afar with a +0 halberd.
You die...

# #...#........)....#.### #
#.≈≈≈≈≈≈≈≈≈.......#.#
##≈##≈≈≈##≈.......#.###
#≈#######≈##..........
#≈≈#.?.#≈≈##.#####....
#≈≈#.gg#≈≈##.# ##### ####
#≈≈#ggg#≈≈##.# ...#
#≈###g###≈##.#### ...#
#≈##≈@≈##≈#.....#
...#########≈≈≈≈.≈≈≈≈#####.#
...##......................#
#####.#######...############
#.# #...### ### #.# ##.###
..###.# #..# #.....# #.##
####..####.#


You could see a gnoll sergeant and 5 gnolls.

Vanquished Creatures
  A phantom (D:4)
  An iguana (D:4)
  2 orc wizards
  4 gnolls (D:4)
  8 adders
  An ufetubus (D:4)
  3 worms (D:2)
  5 dart slugs
  7 orcs
  5 bats
  8 endoplasms
  2 giant cockroaches (D:4)
  5 goblins
  3 hobgoblins
  2 quokkas
  11 ball pythons
  7 frilled lizards
  11 kobolds
  A rat (D:1)
87 creatures vanquished.

Notes
Turn   | Place    | Note
-------+----------+-------------------------------------------
     0 | D:1      | Anon1729 the Minotaur Monk began the quest for the Orb.
     0 | D:1      | Reached XP level 1. HP: 19/19 MP: 0/0
   175 | D:1      | Reached XP level 2. HP: 27/27 MP: 1/1
   975 | D:2      | Reached XP level 3. HP: 25/33 MP: 2/2
   981 | D:2      | Reached skill level 1 in Armour
  1063 | D:2      | Reached skill level 1 in Invocations
  1069 | D:2      | Identified the +3 short sword "Killer Bee's Foe" {speed,
                  | rC++ MP+9}
  1536 | D:2      | Reached XP level 4. HP: 40/40 MP: 3/3
  1756 | D:2      | Learned a level 2 spell: Wereblood
  2098 | D:3      | Reached XP level 5. HP: 42/47 MP: 5/5
  2729 | D:4      | Reached skill level 1 in Transmutations
  2729 | D:4      | Reached skill level 1 in Evocations
  2748 | D:4      | Reached XP level 6. HP: 10/53 MP: 6/6
  3202 | D:4      | HP: 1/55 [gnoll sergeant/+0 spear (8)]
  3202 | D:4      | Slain by a gnoll

Illustrated notes

Levels and vault maps discovered:
D:1:      dpeg_arrival_lava_temple_mockup, layout_loops_corners, hex_medium
D:2:      layout_loops_ring, serial_bayou_ford_a, hangedman_decor_opposing
D:3:      layout_loops_cross
D:4:      layout_basic, lightli_minifort

Skill      XL: |  1  2  3  4  5  6 |
---------------+-------------------+-----
Fighting       | 4 |  4.9
Armour         | 1 2 |  2.5
Invocations    | 1 2 |  2.1
Short Blades   | 4 |  4.6
Dodging        | 4 |  4.4
Transmutations | 1 |  1.2
Evocations     | 1 |  1.3

Action                     |  1- 3 |  4- 6 || total
---------------------------+-------+-------++-------
  Melee: Short sword       |   111 |   116 ||   227
         Headbutt          |    28 |    25 ||    53
 Armour: Robe              |     9 |     9 ||    18
  Dodge: Dodged            |    51 |    36 ||    87
  Block: Orb               |       |    14 ||    14

Table legend: (Time is in decaauts)
 A = Elapsed time spent in this place.
 B = Non-inter-level travel time spent in this place.
 C = Inter-level travel time spent in this place.
 D = Time resting spent in this place.
 E = Time spent auto-exploring this place.
 F = Levels seen in this place.
 G = Mean time per level.
                   A        B        C        D        E       F      G
               +--------+--------+--------+--------+--------+-----+--------+
         Total |   3128 |   3018 |    110 |     32 |   2542 |   4 |  782.0 |
       Dungeon |   3128 |   3018 |    110 |     32 |   2542 |   4 |  782.0 |
               +--------+--------+--------+--------+--------+-----+--------+

Top non-repeatable levels by time:
     D:1: 914 daAuts
     D:2: 847 daAuts
     D:4: 708 daAuts
     D:3: 658 daAuts
